 Dungeon Crawl Stone Soup version 0.23.2-1-ga50397a6bc (webtiles) character file.

Game seed: 1771627345872195546

101 Freyura the Skirmisher (level 4, 0/35 HPs)
             Began as a Demonspawn Fighter on May 4, 2019.
             Slain by Grinder (4 damage)
             ... on level 3 of the Dungeon.
             The game lasted 00:05:30 (2398 turns).

Freyura the Skirmisher (Demonspawn Fighter)         Turns: 2398, Time: 00:05:30

Health: 0/35       AC:  6    Str: 21    XL:     4   Next: 48%
Magic:  0/4        EV:  8    Int: 10    God:
Gold:   99         SH:  9    Dex: 13    Spells: 3/3 levels left

rFire    + . .     SeeInvis .   a - +0 flail
rCold    + . .     Gourm    .   c - +0 shield
rNeg     . . .     Faith    .   b - +0 scale mail
rPois    +         Spirit   +   (no helmet)
rElec    +         Reflect  .   h - scarf {repulsion}
rCorr    +         Harm     .   (no gloves)
MR       .....                  (no boots)
Stlth    ..........             j - amulet of guardian spirit
HPRegen  0.11/turn              (no ring)
MPRegen  0.09/turn              (no ring)

@: mighty, resistant, repel missiles
A: powered by death 1, sturdy frame 1
a: no special abilities


You were on level 3 of the Dungeon.
You were not hungry.

You visited 1 branch of the dungeon, and saw 3 of its levels.

You collected 99 gold pieces.

Inventory:

Hand Weapons
 a - a +0 flail (weapon)
Armour
 b - a +0 scale mail (worn)
 c - a +0 shield (worn)
 h - a scarf of repulsion (worn)
Jewellery
 j - an amulet of guardian spirit (around neck)
Scrolls
 e - 2 scrolls of identify
 g - a scroll of teleportation {unknown}
 l - 3 scrolls of magic mapping {unknown}
 n - 3 scrolls of remove curse {unknown}
 p - 3 scrolls of enchant armour {unknown}
 q - a scroll of noise {unknown}
Potions
 i - 2 potions of heal wounds {unknown}
 k - a potion of resistance
 m - a potion of curing {unknown}
Comestibles
 f - 6 rations


   Skills:
 + Level 3.5 Fighting
 * Level 2.8 Maces & Flails
 + Level 3.1 Armour
 + Level 1.1 Dodging
 + Level 3.1 Shields


You had 3 spell levels left.
You didn't know any spells.
Your spell library was empty.

Dungeon Overview and Level Annotations

Branches:
Dungeon (3/15)

Altars:
Fedhas
Gozag
Sif Muna

Annotations:
D:3 Grinder


Innate Abilities, Weirdness & Mutations

You regenerate a little health from kills.
Your movements are slightly less encumbered by armour. (ER -2)


Message History

The orc freezes you.
* * * LOW HITPOINT WARNING * * *
You sock the orc!
You kill the orc!
Grinder barely misses you.
You barely miss Grinder.
Grinder is moderately wounded.
Grinder gestures at you.
You suddenly lose the ability to move!
Grinder hits you.
* * * LOW HITPOINT WARNING * * *
You writhe in agony.
* * * LOW HITPOINT WARNING * * *
Grinder barely misses you.
You can move again.
It was a potion of resistance.
You feel protected.
Grinder grins, showing sharp teeth.
Grinder hits you.
You die...

#..... #.... #....
###############...
..)...............
######.........#.######
................o.....#
######.........#5#
#.........#@#
#.........#.###########
#.........#.>.........#
#.........###########.#
#.........# #.#
#.....(...# #.#
#####.........#
#######.#
........#######
#.....#.# #######.#
#.###.#.#


You could see Grinder and an orc.

Vanquished Creatures
  Jessica (D:3)
  An adder (D:2)
  A dart slug (D:1)
  2 leopard geckos
  9 orcs (D:3)
  10 bats
  2 giant cockroaches (D:1)
  6 goblins
  3 hobgoblins
  A jackal (D:1)
  A quokka (D:2)
  5 frilled lizards
  6 kobolds
  6 rats
54 creatures vanquished.

Notes
Turn   | Place    | Note
-------+----------+-------------------------------------------
     0 | D:1      | Freyura the Demonspawn Fighter began the quest for the Orb.
     0 | D:1      | Reached XP level 1. HP: 18/18 MP: 1/1
   195 | D:1      | Gained mutation: You regenerate a little health from kills.
                  | [demonic ancestry]
   195 | D:1      | Reached XP level 2. HP: 12/24 MP: 2/2
   649 | D:1      | Gained mutation: Your movements are slightly less
                  | encumbered by armour. (ER -2) [demonic ancestry]
   649 | D:1      | Reached XP level 3. HP: 23/29 MP: 3/3
  1625 | D:2      | Found an opulent altar of Gozag.
  1626 | D:2      | Found a deep blue altar of Sif Muna.
  1951 | D:3      | Found a blossoming altar of Fedhas.
  2050 | D:3      | Reached skill level 1 in Dodging
  2064 | D:3      | Noticed Jessica
  2097 | D:3      | Killed Jessica
  2097 | D:3      | Reached XP level 4. HP: 14/35 MP: 1/4
  2375 | D:3      | Noticed Grinder
  2395 | D:3      | Paralysed by Grinder for 3 turns
  2398 | D:3      | Slain by Grinder

Skill      XL: |  1  2  3 |
---------------+----------+-----
Maces & Flails | 2 |  2.8
Shields        | 3 |  3.1
Armour         | 3 |  3.1
Dodging        | 1 |  1.1
Fighting       | |  3.5

Action                   |  1- 3 |  4- 6 || total
-------------------------+-------+-------++-------
Melee: Flail             |   158 |    23 ||   181
  Use: Scroll            |     1 |       ||     1
       Potion            |       |     2 ||     2
  Eat: Chunk             |     2 |       ||     2
       Ration            |     1 |       ||     1
Armor: Scale mail        |    75 |     5 ||    80
Dodge: Dodged            |    56 |    10 ||    66
       Deflected         |     2 |       ||     2
Block: Shield            |    83 |    11 ||    94
